 Dungeon Crawl Stone Soup version 0.29-a0-322-g68df515428 (webtiles) character file.

Game seed: 7397215310817964820

89 AttackTheMoon the Skirmisher (level 4, -2/41 HPs)
             Began as a Minotaur Fighter on Apr 6, 2022.
             Killed from afar by domi's ghost (6 damage)
             ... with a magic dart
             ... on level 3 of the Dungeon.
             The game lasted 00:02:24 (2463 turns).

AttackTheMoon the Skirmisher (Minotaur Fighter)     Turns: 2463, Time: 00:02:25

Health: -2/41      AC:  7    Str: 23    XL:     4   Next: 31%
Magic:  3/3        EV:  9    Int:  5    God:
Gold:   188        SH:  4    Dex:  9    Spells: 3/3 levels left

rFire   . . .      SeeInvis .   a - +0 war axe
rCold   . . .      Faith    .   c - +0 buckler
rNeg    . . .      Spirit   .   b - +0 scale mail
rPois   .          Reflect  .   (helmet restricted)
rElec   .          Harm     .   (no cloak)
rCorr   .          Rampage  .   (no gloves)
Will    +....                   (no boots)
Stlth   ..........              (no amulet)
HPRegen 0.13/turn               n - ring of willpower
MPRegen 0.08/turn               (no ring)

@: mighty, lethally poisoned (-2 -> -13)
A: horns 2, retaliatory headbutt
a: no special abilities


You were on level 3 of the Dungeon.
You visited 1 branch of the dungeon, and saw 3 of its levels.

You collected 188 gold pieces.

Inventory:

Hand Weapons
 a - a +0 war axe (weapon)
Armour
 b - a +0 scale mail (worn)
 c - a +0 buckler (worn)
Jewellery
 n - a ring of willpower (left hand)
Scrolls
 e - a scroll of blinking
 f - 2 scrolls of teleportation
 l - 5 scrolls of identify
 m - a scroll of fog
Potions
 g - a potion of magic
 h - 2 potions of curing {unknown}
 i - a potion of mutation {unknown}
 j - a potion of invisibility {unknown}
 k - a potion of haste {unknown}


   Skills:
 + Level 4.7 Fighting
 + Level 3.7 Axes
 + Level 4.6 Armour
 - Level 3.6 Shields


You had 3 spell levels left.
You didn't know any spells.
Your spell library contained the following spells:

 Spells                   Type           Power      Damage    Failure   Level
 Dazzling Flash           Conj/Hex       0%         N/A       99%         3
 Agony                    Necr           0%         N/A       100%        5
 Silence                  Hex/Air        0%         N/A       100%        5


Dungeon Overview and Level Annotations

Branches:
Dungeon (3/15)

Altars:
Cheibriados

Shops:
D:2 :!

Annotations:
D:3 domi's ghost, weakling DsWz


Innate Abilities, Weirdness & Mutations

You have a pair of horns on your head.
You reflexively headbutt those who attack you in melee.


Message History

Found a runed translucent door.
Domi's ghost turns its malevolent gaze towards you.
A ball python comes into view.
The ball python hisses angrily.
You slash the ball python!
You kill the ball python!
You open the door. You closely miss domi's ghost.
Domi's ghost gestures at you while chanting.
The magic dart hits you!
Domi's ghost gestures at you while chanting.
The magic dart hits you.
You miss domi's ghost. Domi's ghost casts a spell at you.
The magic dart hits you but does no damage.
You closely miss domi's ghost. Your headbutt misses domi's ghost.
Domi's ghost hits you. x2
You are poisoned.
You slash domi's ghost!
Domi's ghost is heavily damaged.
You feel very sick. You block domi's ghost's attack.
You closely miss domi's ghost.
Domi's ghost is heavily damaged.
You feel sick. Domi's ghost barely misses you.
You closely miss domi's ghost. Your headbutt misses domi's ghost.
Domi's ghost is heavily damaged.
You feel sick.
Domi's ghost gestures at you while chanting.
The magic dart hits you!
* * * LOW HITPOINT WARNING * * *
Domi's ghost hits you.
* * * LOW HITPOINT WARNING * * *
You are lethally poisoned!
You feel very mighty all of a sudden.
* * * LOW HITPOINT WARNING * * *
You feel very sick.
Domi's ghost points at you and mumbles some strange words.
The magic dart hits you.
You die...

.........# #.......# #.#
.........### #######.# #.#
##'##......# ###########.#
##.##......# #...........#
##.##......########...#######
##.#.......'..#P8P#...#
##.#.......####.!.#...#
##.#.......# ###W##...#
...#.......# #..@.....#
####.......# #....+####
####.......# #.#........#
...........# #.##########
############ # # #.#### #
#....# # #.##.# ####.##.#


You could see domi's ghost.

Vanquished Creatures
  3 adders
  A worm (D:2)
  2 dart slugs (D:2)
  2 endoplasms (D:1)
  4 giant cockroaches
  5 goblins
  7 hobgoblins
  2 quokkas (D:2)
  6 ball pythons
  5 bats
  6 frilled lizards
  6 kobolds
  5 rats
54 creatures vanquished.

Notes
Turn   | Place    | Note
-------+----------+-------------------------------------------
     0 | D:1      | AttackTheMoon the Minotaur Fighter began the quest for the
                  | Orb.
     0 | D:1      | Reached XP level 1. HP: 19/19 MP: 0/0
   168 | D:1      | Reached XP level 2. HP: 27/27 MP: 1/1
   961 | D:2      | Found Peathebu's Book Shoppe.
   989 | D:2      | Found Upeedat's Distillery.
  1002 | D:2      | Reached XP level 3. HP: 33/33 MP: 2/2
  1501 | D:2      | Reached XP level 4. HP: 35/41 MP: 3/3
  2168 | D:3      | Found a faded altar of an unknown god.
  2203 | D:3      | Found a snail-covered altar of Cheibriados.
  2450 | D:3      | Found a runed translucent door.
  2450 | D:3      | Noticed domi's ghost (weakling DsWz)
  2463 | D:3      | Killed from afar by domi's ghost

Illustrated notes

Levels and vault maps discovered:
D:1:      erik_arrival_cave_to_civilisation [erik_arrival_cave_to_hall],
          layout_basic, minmay_lizard_pond
D:2:      layout_loops_ring, serial_shops, shop_statue, shop_statue,
          hangedman_decor_clover_reticule
D:3:      layout_basic, cheibriados_altar_1, gammafunk_ghost_grave,
          shapermc_ecumenical_altar_mp_urbaneastern

Skill      XL: |  1  2 |
---------------+-------+-----
Fighting       | 4 |  4.7
Armour         | 4 |  4.6
Axes           | 3 |  3.7
Shields        | |  3.6

Action                   |  1- 3 |  4- 6 || total
-------------------------+-------+-------++-------
Melee: War axe           |    81 |    27 ||   108
       Headbutt          |    13 |     2 ||    15
  Use: Scroll            |     3 |     2 ||     5
       Potion            |       |     1 ||     1
Armor: Scale mail        |    45 |     8 ||    53
Dodge: Dodged            |    39 |     9 ||    48
Block: Buckler           |    16 |    10 ||    26

Table legend: (Time is in decaauts)
 A = Elapsed time spent in this place.
 B = Non-inter-level travel time spent in this place.
 C = Inter-level travel time spent in this place.
 D = Time resting spent in this place.
 E = Time spent auto-exploring this place.
 F = Levels seen in this place.
 G = Mean time per level.
                   A        B        C        D        E       F      G
               +--------+--------+--------+--------+--------+-----+--------+
         Total |   2502 |   2473 |     29 |      0 |   2127 |   3 |  834.0 |
       Dungeon |   2502 |   2473 |     29 |      0 |   2127 |   3 |  834.0 |
               +--------+--------+--------+--------+--------+-----+--------+

Top non-repeatable levels by time:
     D:1: 978 daAuts
     D:2: 826 daAuts
     D:3: 697 daAuts
